 Dungeon Crawl Stone Soup version 0.32-a0-163-g159c032 (webtiles) character file.

Game seed: 2870548999876494092

48220 Dorkslayer the Grappler (level 14, -2/111 HPs)
             Began as a Troll Fighter on Feb 11, 2024.
             Was an Initiate of Gozag.
             Slain by a skeletal warrior
             ... wielding a +0 hand axe
              (26 damage)
             ... on level 14 of the Dungeon.
             The game lasted 00:53:45 (12416 turns).

Dorkslayer the Grappler (Troll Fighter)            Turns: 12416, Time: 00:53:45

Health: -2/111     AC:  9    Str: 29    XL:     14   Next: 11%
Magic:  13/13      EV: 13    Int:  4    God:    Gozag
Gold:   1477       SH: 18    Dex: 18    Spells: 13/13 levels left

rFire   + +          .
                       - Unarmed
rCold   . . .        b - +1 kite shield
rNeg    + . .        x - +2 robe {rC+ rF+}
rPois   +            z - +2 hat
rElec   .            o - +0 cloak
rCorr   .            (gloves unavailable)
SInv    .            (boots unavailable)
Will    ++...        p - amulet of reflection
Stlth   ++++         I - ring of poison resistance
HPRegen 1.18/turn    m - ring "Xuma Dum" {Fly rC- rN+ Dex+9 Stlth+}
MPRegen 0.13/turn

%: reflection
@: mighty, gold aura, flying, invisible
A: large, unfitting armour, claws 3, regeneration 1, shaggy fur 1, tough skin 1,
clumsy 1, fire resistance 1, frail 1, strong-willed 1
a: Renounce Religion, Potion Petition, Call Merchant, Bribe Branch


You were on level 14 of the Dungeon.
You worshipped Gozag.
Gozag was most pleased with you.
You visited 3 branches of the dungeon, and saw 17 of its levels.

You collected 4120 gold pieces.
You spent 2485 gold pieces at shops.
You paid 158 gold pieces to Gozag.

Inventory:

Hand Weapons
 e - a +3 vampiric trident
 j - a +1 mace
 A - a +0 war axe
Missiles
 u - 19 boomerangs (quivered)
 v - 5 throwing nets
Armour
 b - a +1 kite shield (worn)
 i - a +2 robe of willpower
 o - a +0 cloak (worn)
 x - a +2 robe of resistance (worn)
 z - a +2 hat (worn)
 F - a +1 troll leather armour
Jewellery
 m - the ring "Xuma Dum" (right claw) {Fly rC- rN+ Dex+9 Stlth+}
   (You bought it in a shop on level 2 of the Orcish Mines)

   [ring of positive energy]

   Dex+9:     It affects your dexterity (+9).
   rC-:       It makes you vulnerable to cold.
   rN+:       It protects you from negative energy.
   Fly:       It grants you flight.
   Stlth+:    It makes you more stealthy.
 p - an amulet of reflection (around neck)
 I - a ring of poison resistance (left claw)
Talismans
 h - a storm talisman
 l - a talisman of death
 M - a granite talisman
Wands
 c - a wand of roots (9)
 n - a wand of flame (28)
 B - a wand of paralysis (8)
Scrolls
 a - 3 scrolls of enchant weapon
 f - a scroll of blinking
 k - 3 scrolls of revelation
 q - 5 scrolls of teleportation
 w - a scroll of immolation
 y - a scroll of butterflies
 C - 3 scrolls of fog
 D - a scroll of enchant armour
 E - 2 scrolls of silence
 K - 2 scrolls of amnesia
 L - a scroll of identify
Potions
 d - a potion of mutation
 g - 3 potions of enlightenment
 r - 4 potions of brilliance
 s - a potion of resistance
 G - 3 potions of berserk rage
 H - 3 potions of curing


   Skills:
 + Level 4.7 Fighting
 * Level 1.4(1.7) Axes
 * Level 1.4(1.9) Maces & Flails
 + Level 2.7 Throwing
 + Level 3.5 Armour
 + Level 7.4 Dodging
 + Level 3.3 Stealth
 + Level 9.8 Shields
 + Level 12.4 Unarmed Combat
 * Level 7.3 Evocations
 * Level 9.8 Shapeshifting


You had 13 spell levels left.
You didn't know any spells.
Your spell library contained the following spells:

 Spells                   Type           Power      Damage    Failure   Level
 Freeze                   Ice            0%         1d3       67%         1
 Necrotise                Necr           0%         1d4       67%         1
 Ensorcelled Hibernation  Hex/Ice        0%         N/A       80%         2
 Dazzling Flash           Conj/Hex       0%         N/A       95%         3
 Frozen Ramparts          Ice            0%         1d1       95%         3
 Fugue of the Fallen      Necr           0%         N/A       95%         3
 Hailstorm                Conj/Ice       0%         3d5       95%         3
 Mephitic Cloud           Conj/Alch/Air  0%         N/A       95%         3
 Passwall                 Erth           0%         N/A       95%         3
 Swiftness                Air            0%         N/A       95%         3
 Vampiric Draining        Necr           0%         2d6       95%         3
 Anguish                  Hex/Necr       0%         N/A       100%        4
 Martyr's Knell           Necr/Summ      0%         N/A       100%        4
 Curse of Agony           Necr           0%         N/A       100%        5
 Silence                  Hex/Air        0%         N/A       100%        5


Dungeon Overview and Level Annotations

Branches:
Dungeon (14/15)            Temple (1/1) D:7            Lair (0/5) D:9
    Orc (2/2) D:9             Elf (0/3) Orc:2        Vaults (0/5) D:14

Altars:
Ashenzari
Cheibriados
Dithmenos
Elyvilon
Fedhas
Gozag
Hepliaklqana
Kikubaaqudgha
Makhleb
Nemelex Xobeh
Okawaru
Qazlal
Ru
Sif Muna
Trog
Uskayaw
Vehumet
Wu Jian
Xom
Yredelemnul
Zin
The Shining One

Shops:
D:9 [   Orc:2 *?(=

Portals:
Pandemonium: Orc:2
Trove: D:14 (give +4 fire dragon scales)

Annotations:
D:14 Frances, Kirke


Innate Abilities, Weirdness & Mutations

You are too large for most types of armour.
You have claws for hands.
Your natural rate of healing is unusually fast.
You are covered in fur. (AC +1)
You have tough skin. (AC +1)
You are clumsy. (Dex -2)
Your flesh is heat resistant. (rF+)
You are frail. (-10% HP)
You are strong-willed. (Will+)


Message History

The skeletal warrior barely misses you.
The skeletal warrior attacks as it pursues you!
The skeletal warrior barely misses you.
The skeletal warrior attacks as it pursues you!
The skeletal warrior hits you with a +0 hand axe!
* * * LOW HITPOINT WARNING * * *
The skeletal warrior attacks as it pursues you!
You block the skeletal warrior's attack.
There is an open door here.
The skeletal warrior attacks as it pursues you!
The skeletal warrior hits you with a +0 dire flail!
* * * LOW HITPOINT WARNING * * *
You fade into invisibility!
You block the skeletal warrior's attack.
The skeletal warrior throws a stone.
The stone hits the skeletal warrior but does no damage.
You feel very mighty all of a sudden.
You feel better.
You scratch the skeletal warrior but do no damage.
The skeletal warrior hits you with a +0 dire flail!
* * * LOW HITPOINT WARNING * * *
You closely miss the skeletal warrior.
You block the skeletal warrior's attack.
You catch the helpless skeletal warrior completely off-guard!
You mangle the skeletal warrior!!
The skeletal warrior is heavily damaged.
You block the skeletal warrior's attack.
You catch the helpless skeletal warrior completely off-guard!
You scratch the skeletal warrior.
The skeletal warrior is heavily damaged.
You block the skeletal warrior's attack.
You catch the helpless skeletal warrior completely off-guard!
You claw the skeletal warrior! x2
The skeletal warrior is almost destroyed.
You mangle the skeletal warrior!!
You destroy the skeletal warrior!
You barely miss the skeletal warrior.
The skeletal warrior hits you with a +0 hand axe!!
You die...
Your body crumbles into a pile of gold.

# #..........# . # #..........#
. # ######.##### '### # #..##
..# # ##..# #######'### #
#########.## #.........#
####..........# ###.......$.#
##...........).####.'.........#
...##...........@zzz#........:#
#####..........######.........##
# #..........# #..........#
#..........# ##+##.......#
########.### #......... ##....#
#...)..... #...∩.# .....ß....
##.#...# ##......... #######
#..##### #.........


You could see 3 skeletal warriors.

Vanquished Creatures
  Azrael (D:12)
  Snorg (Orc:1)
  An ettin (Orc:2)
  A yaktaur captain (D:11)
  Harold (D:11)
  A demonspawn (Orc:2)
  2 boulder beetles
  2 centaur warriors (D:13)
  3 two-headed ogres
  A tengu warrior (D:14)
  5 orc high priests (Orc:2)
  A sixfirhy (Orc:2)
  2 skeletal warriors (D:14)
  3 orc knights (Orc:2)
  Pikel (D:7)
  A deep elf pyromancer (D:13)
  7 orc sorcerers
  2 cyclopes
  A manticore (D:11)
  A kobold blastminer (Orc:2)
  A smoke demon (Orc:2)
  A black mamba (shapeshifter) (D:14)
  2 gargoyles
  An unseen horror (D:12)
  Jeremiah (D:7)
  A cane toad (shapeshifter) (D:14)
  2 kobold demonologists
  An efreet (D:14)
  A polar bear (shapeshifter) (D:13)
  2 trolls
  2 hornets (D:9)
  Sigmund (D:2)
  A shadow (D:12)
  A centaur simulacrum (D:13)
  A water elemental (D:13)
  2 hogs (D:14)
  27 yaks
  A wraith (D:9)
  2 basilisks
  5 fire elementals (D:12)
  3 wargs
  A wyvern (D:6)
  6 vampire mosquitoes
  A chaos spawn (Orc:2)
  2 neqoxecs (Orc:2)
  An acid dragon (D:12)
  3 hell hounds (D:12)
  2 water moccasins
  5 black bears
  An ice beast (D:6)
  30 orc warriors
  4 ogres
  A wolf (D:9)
  4 lemures (D:7)
  9 centaurs
  A phantom (D:5)
  A weeping skull (D:3)
  2 kobold brigands
  3 gnoll sergeants
  2 bullfrogs
  3 wights (D:8)
  4 killer bees (D:8)
  3 howler monkeys
  2 electric eels (D:13)
  2 jellies
  A bombardier beetle (D:5)
  Crazy Yiuf (D:6)
  21 orc priests
  2 sleepcaps
  A gnoll bouda (D:7)
  2 hounds
  Natasha (twice) (D:2)
  An iguana (D:5)
  15 orc wizards
  23 gnolls
  11 adders
  A shadow imp (D:7)
  4 white imps
  2 ufetubi (D:7)
  A ribbon worm (D:4)
  2 dart slugs
  77 orcs
  5 ball pythons
  9 bats
  7 endoplasms
  3 giant cockroaches
  7 goblins
  11 hobgoblins
  7 jackals
  35 kobolds
  6 quokkas
  3 frilled lizards
  14 rats
  A spectral orc (D:3)
465 creatures vanquished.

Vanquished Creatures (others)
  Nessos (Orc:2)
1 creature vanquished.

Grand Total: 466 creatures vanquished

Notes
Turn   | Place    | Note
-------+----------+-------------------------------------------
     0 | D:1      | Dorkslayer the Troll Fighter began the quest for the Orb.
     0 | D:1      | Reached XP level 1. HP: 22/22 MP: 0/0
    65 | D:1      | Reached XP level 2. HP: 26/29 MP: 1/1
   354 | D:1      | Reached XP level 3. HP: 35/36 MP: 2/2
   919 | D:2      | Found a hide-covered altar of Uskayaw.
   924 | D:2      | Reached XP level 4. HP: 44/44 MP: 3/3
   930 | D:2      | Reached skill level 3 in Unarmed Combat
   941 | D:2      | Noticed Natasha
   950 | D:2      | Killed Natasha
  1146 | D:2      | Reached skill level 1 in Shapeshifting
  1170 | D:2      | Noticed Natasha
  1178 | D:2      | Killed Natasha
  1179 | D:2      | Reached XP level 5. HP: 43/52 MP: 4/4
  1212 | D:2      | Noticed Sigmund
  1225 | D:2      | Killed Sigmund
  1226 | D:2      | Reached skill level 4 in Unarmed Combat
  1226 | D:2      | Reached XP level 6. HP: 34/61 MP: 5/5
  1664 | D:3      | You fall into a shaft and drop 3 floors!
  1681 | D:6      | Upgraded the game from 0.32-a0-141-g04fe697 to
                  | 0.32-a0-142-g4224600
  1792 | D:6      | Found a runed translucent door.
  1793 | D:6      | Noticed Crazy Yiuf
  1801 | D:6      | Killed Crazy Yiuf
  1857 | D:6      | Reached skill level 5 in Unarmed Combat
  1857 | D:6      | Reached XP level 7. HP: 67/67 MP: 6/6
  1866 | D:5      | Entered Level 5 of the Dungeon
  2128 | D:4      | Identified a scroll of acquirement
  2128 | D:4      | Acquired an amulet of reflection
  2446 | D:3      | Found a basalt altar of Yredelemnul.
  2916 | D:5      | Upgraded the game from 0.32-a0-142-g4224600 to
                  | 0.32-a0-145-g5e87250
  2945 | D:5      | Reached skill level 6 in Unarmed Combat
  2977 | D:5      | Reached XP level 8. HP: 75/75 MP: 7/7
  3211 | D:5      | Reached skill level 1 in Evocations
  3972 | D:6      | Reached skill level 5 in Shields
  3982 | D:6      | Reached skill level 7 in Unarmed Combat
  4108 | D:6      | Found a shadowy altar of Dithmenos.
  4175 | D:6      | Reached XP level 9. HP: 70/83 MP: 8/8
  4571 | D:7      | Found a staircase to the Ecumenical Temple.
  4600 | Temple   | Entered the Ecumenical Temple
  4612 | Temple   | Became a worshipper of Gozag Ym Sagoz the Greedy
  4679 | D:7      | Reached skill level 1 in Stealth
  4696 | D:7      | Noticed Jeremiah
  4785 | D:7      | Killed Jeremiah
  5130 | D:7      | Noticed Pikel
  5172 | D:7      | Killed Pikel
  5173 | D:7      | Reached skill level 5 in Dodging
  5173 | D:7      | Reached skill level 8 in Unarmed Combat
  5523 | D:8      | Reached skill level 5 in Shapeshifting
  5750 | D:8      | Gained mutation: You are clumsy. (Dex -2) [potion of
                  | mutation]
  5750 | D:8      | Gained mutation: Your flesh is heat resistant. (rF+)
                  | [potion of mutation]
  5750 | D:8      | Gained mutation: You are strong-willed. (Will+) [potion of
                  | mutation]
  5844 | D:8      | Reached XP level 10. HP: 91/91 MP: 9/9
  6250 | D:9      | Found a staircase to the Orcish Mines.
  6274 | D:9      | Found Koheas's Armour Shoppe.
  6328 | D:9      | Bought a +1 troll leather armour for 264 gold pieces
  6424 | D:9      | Reached skill level 9 in Unarmed Combat
  6495 | D:9      | Noticed a two-headed ogre
  6520 | D:9      | Killed a two-headed ogre
  6587 | D:9      | Found a staircase to the Lair.
  6841 | Orc:1    | Entered Level 1 of the Orcish Mines
  6847 | Orc:1    | Reached XP level 11. HP: 95/97 MP: 10/10
  6900 | Orc:1    | Reached skill level 1 in Armour
  7047 | Orc:2    | Entered Level 2 of the Orcish Mines
  7081 | Orc:2    | Found a staircase to the Elven Halls.
  7175 | Orc:1    | Noticed an orc sorcerer
  7193 | Orc:1    | Killed an orc sorcerer
  7238 | Orc:1    | Found Kicew's Distillery.
  7267 | Orc:1    | Noticed Snorg
  7296 | Orc:1    | Killed Snorg
  7320 | Orc:1    | Bought a potion of heal wounds for 75 gold pieces
  7320 | Orc:1    | Bought a potion of heal wounds for 75 gold pieces
  7320 | Orc:1    | Bought 2 potions of might for 120 gold pieces
  7320 | Orc:1    | Bought a potion of brilliance for 60 gold pieces
  7320 | Orc:1    | Bought a potion of berserk rage for 75 gold pieces
  7320 | Orc:1    | Bought a potion of lignification for 45 gold pieces
  7320 | Orc:1    | Bought a potion of experience for 750 gold pieces
  7320 | Orc:1    | Bought a potion of curing for 45 gold pieces
  7320 | Orc:1    | Reached skill level 5 in Evocations
  7320 | Orc:1    | Reached XP level 12. HP: 109/109 MP: 11/11
  7517 | Orc:1    | Bought a potion of berserk rage for 75 gold pieces
  7517 | Orc:1    | Bought a potion of enlightenment for 75 gold pieces
  7564 | Orc:2    | Noticed Nessos
  7577 | Orc:2    | Killed Nessos
  7747 | Orc:2    | Reached skill level 10 in Unarmed Combat
  7827 | Orc:2    | Noticed an ettin
  7835 | Orc:2    | Killed an ettin
  8031 | Orc:2    | Reached skill level 1 in Throwing
  8077 | Orc:2    | Found Gifetux's General Store.
  8078 | Orc:2    | Found Tuqedeam's Magic Scroll Shop.
  8104 | Orc:2    | Gained mutation: You are frail. (-10% HP) [a neqoxec]
  8259 | Orc:2    | Noticed an orc high priest
  8317 | Orc:2    | Killed an orc high priest
  8341 | Orc:2    | Upgraded the game from 0.32-a0-145-g5e87250 to
                  | 0.32-a0-163-g159c032
  8379 | Orc:2    | Bought 2 potions of heal wounds for 130 gold pieces
  8379 | Orc:2    | Bought a potion of degeneration for 13 gold pieces
  8446 | Orc:2    | Noticed an orc high priest
  8448 | Orc:2    | Noticed an orc high priest
  8657 | Orc:2    | Killed an orc high priest
  8706 | Orc:2    | Reached XP level 13. HP: 103/105 MP: 12/12
  8816 | Orc:2    | Reached skill level 11 in Unarmed Combat
  8866 | Orc:2    | Paralysed by an orc sorcerer for 4 turns
  8906 | Orc:2    | Found Tyadepn's Antique Weapon Emporium.
  8906 | Orc:2    | Found a one-way gate leading to the halls of Pandemonium.
  8906 | Orc:2    | Found Abriel's Jewellery Shoppe.
  8943 | Orc:2    | Bought the ring "Xuma Dum" {Fly rC- rN+ Dex+9 Stlth+} for
                  | 481 gold pieces
  8985 | Orc:2    | Bought a scroll of revelation for 112 gold pieces
  8985 | Orc:2    | Bought a scroll of identify for 30 gold pieces
  8985 | Orc:2    | Bought a scroll of immolation for 60 gold pieces
  9148 | D:10     | Entered Level 10 of the Dungeon
  9235 | D:10     | Found a sacrificial altar of Ru.
  9766 | D:11     | Noticed Harold
  9783 | D:11     | Killed Harold
 10644 | D:12     | Paralysed by a centaur for 3 turns
 10711 | D:12     | Noticed Azrael
 10735 | D:12     | Killed Azrael
 11216 | D:13     | Reached skill level 12 in Unarmed Combat
 11692 | D:13     | Reached skill level 1 in Maces & Flails
 11979 | D:14     | Found a portal to a secret trove of treasure.
 12057 | D:14     | Noticed an ironbound preserver
 12059 | D:14     | Found a gate to the Vaults.
 12150 | D:14     | Reached XP level 14. HP: 95/111 MP: 13/13
 12208 | D:14     | Reached skill level 1 in Axes
 12273 | D:14     | Noticed Kirke
 12295 | D:14     | Noticed Frances
 12416 | D:14     | Slain by a skeletal warrior

Illustrated notes

Levels and vault maps discovered:
D:1:      elethiomel_arrival_diamonds, layout_loops_ring, minmay_pentomino_v4
D:2:      layout_loops_ring, basic_altar, minmay_gold_behind_fungi,
          uniq_sigmund, uniq_natasha
D:3:      layout_rooms, yredelemnul_forgotten_temple_becter
D:4:      layout_rooms, minmay_crystal_room
D:5:      kennysheep_kobold_camp, layout_basic
D:6:      layout_loops_ring, nicolae_dithmenos_through_a_glass_darkly,
          uniq_crazy_yiuf_cottage
D:7:      layout_loops_ring, temple_fountains, uniq_pikel, uniq_jeremiah
D:8:      layout_loops_ring, st_stairs_6
D:9:      layout_roguey, erik_lair_orcish_takeover, orc_david_3,
          chequers_serial_rivers_small_a
D:10:     layout_long_grid, mainiacjoe_overflow_alcove_1
D:11:     layout_rooms, kennysheep_just_a_vault, uniq_harold
D:12:     layout_rooms, uniq_azrael
D:13:     layout_basic, drop_trap
D:14:     layout_roguey, skrybe_vaults_entry_preservation, enter_trove_1,
          dreamdust_mushroom_princess, special_room [special_room_orc],
          uniq_kirke, uniq_frances
Temple:   hellmonk_temple_of_storms
Orc:1:    layout_caves, serial_shops, nicolae_shop_trees, mines2_lemuel,
          uniq_snorg
Orc:2:    pf_orc_diabolical, layout_caves, nicolae_orc_hostile_takeover,
          uniq_nessos

Skill      XL: |  1  2  3  4  5  6  7  8  9 10 11 12 13 14 |
---------------+-------------------------------------------+-----
Shields        | 3 4 5 6 7 8 9 |  9.8
Unarmed Combat | 3 4 5 6 7 8 9 10 12 | 12.4
Dodging        | 3 4 5 6 7 |  7.4
Shapeshifting  | 1 2 3 4 5 6 8 9 |  9.8
Fighting       | 3 4 |  4.7
Evocations     | 1 3 4 5 6 7 |  7.3
Stealth        | 1 2 3 |  3.3
Armour         | 2 3 |  3.5
Throwing       | 1 2 |  2.7
Maces & Flails | 1 |  1.4
Axes           | 1 |  1.4

Action                     |  1- 3 |  4- 6 |  7- 9 | 10-12 | 13-15 || total
---------------------------+-------+-------+-------+-------+-------++-------
  Melee: Unarmed           |    96 |    71 |   492 |   578 |   478 ||  1715
         Punch             |       |       |       |     3 |    39 ||    42
  Throw: Throwing net      |       |       |     4 |       |     1 ||     5
         Boomerang         |       |       |       |    25 |    25 ||    50
         Dart              |       |       |       |     2 |     1 ||     3
  Evoke: Wand              |       |       |     1 |    25 |     7 ||    33
    Use: Scroll            |     4 |     3 |     9 |     4 |     6 ||    26
         Potion            |       |     1 |     7 |    14 |     3 ||    25
   Stab: Held in net/web   |       |       |     2 |       |       ||     2
         Sleeping          |       |       |     2 |       |     5 ||     7
         Distracted        |       |       |     1 |     6 |       ||     7
         Paralysed         |       |       |       |    11 |       ||    11
         Invisible         |       |       |       |       |     3 ||     3
 Armour: Robe              |    48 |    41 |   160 |    20 |   178 ||   447
         Troll leather arm |       |       |       |   219 |    36 ||   255
         Skin              |       |       |       |       |     4 ||     4
  Dodge: Dodged            |    31 |    26 |   106 |   106 |   107 ||   376
  Block: Kite shield       |    39 |    28 |   293 |   481 |   322 ||  1163
         Reflection        |       |       |     5 |    18 |    18 ||    41

Table legend: (Time is in decaauts)
 A = Elapsed time spent in this place.
 B = Non-inter-level travel time spent in this place.
 C = Inter-level travel time spent in this place.
 D = Time resting spent in this place.
 E = Time spent auto-exploring this place.
 F = Levels seen in this place.
 G = Mean time per level.
                   A        B        C        D        E       F      G
               +--------+--------+--------+--------+--------+-----+--------+
         Total |  12256 |  12205 |     51 |    142 |   5505 |  17 |  720.9 |
       Dungeon |   9998 |   9956 |     42 |     44 |   5171 |  14 |  714.1 |
        Temple |     17 |     17 |      0 |      0 |      0 |   1 |   17.0 |
  Orcish Mines |   2240 |   2231 |      9 |     98 |    334 |   2 | 1120.0 |
               +--------+--------+--------+--------+--------+-----+--------+

Top non-repeatable levels by time:
   Orc:2: 1607 daAuts
     D:5: 1167 daAuts
    D:13: 958 daAuts
     D:7: 943 daAuts
     D:1: 848 daAuts
     D:2: 793 daAuts
     D:6: 751 daAuts
     D:9: 701 daAuts
    D:12: 687 daAuts
     D:8: 646 daAuts
   Orc:1: 633 daAuts
    D:10: 603 daAuts
    D:11: 535 daAuts
     D:4: 519 daAuts
    D:14: 423 daAuts
